 Dungeon Crawl Stone Soup version 0.30.0-17-ge0270778cf (webtiles) character file.

Game seed: 3642733596871736615

64 browni3141 the Caller (level 3, 0/26 HPs)
             Began as a Mummy Summoner on May 21, 2023.
             Slain by a gnoll
             ... wielding a +0 spear
              (6 damage)
             ... on level 3 of the Dungeon.
             The game lasted 00:01:36 (2146 turns).

browni3141 the Caller (Mummy Summoner)              Turns: 2146, Time: 00:01:37

Health: 0/26       AC:  2    Str: 11    XL:     3   Next: 91%
Magic:  6/8        EV: 12    Int: 16    God:
Gold:   80         SH:  0    Dex: 12    Spells: 1/9 levels left

rFire   x . .        c - +0 short sword
rCold   + . .        (no shield)
rNeg    + + +        a - +0 robe
rPois   ∞            (no helmet)
rElec   .            (no cloak)
rCorr   +            (no gloves)
SInv    .            (no boots)
Will    .....        (no amulet)
Stlth   ++           Q - ring of resist corrosion
HPRegen 0.24/turn    (no ring)
MPRegen 0.11/turn

%: faith
@: no status effects
A: cold resistance 1, negative energy resistance 3, torment resistance 2, heat
vulnerability 1, in touch with death 1, no potions, faith
a: no special abilities


You were on level 3 of the Dungeon.
You visited 1 branch of the dungeon, and saw 3 of its levels.

You collected 80 gold pieces.

Inventory:

Hand Weapons
 c - a +0 short sword (weapon)
Missiles
 J - 6 poisoned darts
 O - 10 javelins
Armour
 a - a +0 robe (worn)
 L - a +3 chain mail
Jewellery
 Q - a ring of resist corrosion (left hand)
Scrolls
 b - a scroll of enchant armour {unknown}
 d - a scroll of brand weapon {unknown}
 K - 2 scrolls of identify {unknown}
 M - a scroll of teleportation {unknown}
 N - a scroll of fear {unknown}
 P - a scroll of fog {unknown}


   Skills:
 - Level 1.0 Fighting
 - Level 1.5 Dodging
 - Level 1.5 Stealth
 + Level 3.5 Spellcasting
 * Level 4.0 Summonings
 + Level 0.5 Translocations


You had one spell level left.
You knew the following spells:

 Your Spells              Type           Power      Damage    Failure   Level
a - Call Canine Familiar  Summ           15%        N/A       10%         3
x - Call Imp              Summ           30%        N/A       4%          2
z - Summon Small Mammal   Summ           60%        N/A       3%          1
B - Blink                 Tloc           8%         N/A       22%         2

Your spell library contained the following spells:

 Spells                   Type           Power      Damage    Failure   Level
 Lesser Beckoning         Tloc           8%         N/A       22%         2
 Momentum Strike          Conj/Tloc      6%         3d8       24%         2
 Summon Guardian Golem    Hex/Summ       9%         N/A       24%         3
 Summon Lightning Spire   Summ/Air       9%         N/A       61%         4


Dungeon Overview and Level Annotations

Branches:
Dungeon (3/15)

Altars:


Innate Abilities, Weirdness & Mutations

You are immune to poison.
Your flesh is cold resistant. (rC+)
You are immune to negative energy. (rN+++)
You are immune to unholy pain and torment.
You are vulnerable to heat. (rF-)
You are in touch with the powers of death.
You do not drink.
You have a special connection with the divine. (Faith)


Message History

No target in view!
A kobold comes into view. It is wielding a +0 club.
A kobold is nearby!
A kobold is nearby!
A kobold is nearby!
You swap places.
You closely miss the kobold.
Your cerulean imp barely misses the kobold.
The kobold misses you.
You hit the kobold but do no damage.
Your cerulean imp misses the kobold.
The kobold closely misses you.
You hit the kobold.
You kill the kobold!
Things that are here:
a +0 club; a kobold corpse No target in view!
A kobold comes into view. It is wielding a +0 dagger.
A kobold is nearby!
A kobold is nearby!
A kobold is nearby!
A kobold is nearby!
A kobold is nearby!
Your cerulean imp closely misses the kobold.
Your cerulean imp hits the kobold but does no damage.
Things that are here:
a +0 club; a kobold corpse The kobold misses your cerulean imp.
Your cerulean imp closely misses the kobold.
You swap places.
The kobold closely misses you.
Your cerulean imp misses the kobold.
You barely miss the kobold. The kobold hits you but does no damage.
Your cerulean imp misses the kobold.
You barely miss the kobold. The kobold completely misses you.
Your cerulean imp hits the kobold but does no damage.
You barely miss the kobold. The kobold hits you with a +0 dagger.
Your cerulean imp misses the kobold.
You hit the kobold but do no damage. The kobold hits you with a +0 dagger.
Your cerulean imp hits the kobold but does no damage.
You hit the kobold.
The kobold is moderately wounded.
The kobold barely misses you.
Your cerulean imp hits the kobold but does no damage.
You hit the kobold but do no damage.
The kobold is moderately wounded.
The kobold hits you with a +0 dagger.
Your cerulean imp hits the kobold from afar with a -3 spear.
You hit the kobold.
You kill the kobold!
Things that are here:
a +0 dagger; a cyan potion Your cerulean imp disappears in a puff of smoke!
You see here a lumpy white potion.
Things that are here:
a +0 dagger; a cyan potion
Things that are here:
a +0 club; a kobold corpse You see here a fizzy cyan potion.
You open the door.
There is an open door here.
Key pressed, stopping explore.
Things that are here:
a +0 dagger; 5 stones Done exploring.
Done exploring.
Done exploring.
Done exploring.
Things that are here:
a +0 dagger; 5 stones
There is a stone staircase leading down here.
You climb downwards.
The gnoll shouts! x2
There is a stone staircase leading up here.
A tiny devil pulls itself out of the air.
A gnoll comes into view. It is wielding a +0 spear.
The goblin shouts!
The gnoll barely misses you.
You hit the gnoll but do no damage. You hit the gnoll.
The gnoll is lightly wounded.
The gnoll barely misses you. The gnoll closely misses you.
You completely miss the gnoll.
The gnoll is lightly wounded.
Your cerulean imp hits the goblin from afar with a -3 spear.
The goblin dies!
The gnoll barely misses you. The gnoll completely misses you.
The gnoll closely misses you. The gnoll hits you with a +0 whip.
You barely miss the gnoll.
Your cerulean imp barely misses the gnoll.
The gnoll hits you with a +0 club. x2
The gnoll hits you from afar with a +0 spear.
The gnoll misses you.
You hit the gnoll.
The gnoll is lightly wounded.
Your cerulean imp hits the gnoll with a -3 spear.
The gnoll hits you with a +0 club.
* * * LOW HITPOINT WARNING * * *
The gnoll closely misses you. The gnoll hits you with a +0 club.
* * * LOW HITPOINT WARNING * * *
The gnoll hits you from afar with a +0 spear.
You die...

###### .....##
.......
.......
####.......
#.g.5.)....
#..#@g......
#.g.##g##+##..
...... g.#
..#.. ...#
....###..#
..## #..# ..
##.. ###


You could see 4 gnolls and a friendly cerulean imp (summoned).

Vanquished Creatures
  An adder (D:2)
  2 bats
  2 endoplasms (D:1)
  2 giant cockroaches
  3 goblins
  2 jackals (D:2)
  2 quokkas
  2 ball pythons
  4 kobolds
  A spectral goblin (D:1)
21 creatures vanquished.

Vanquished Creatures (collateral kills)
  An adder (D:2)
  A ball python (D:1)
  4 bats
  3 endoplasms (D:1)
  A giant cockroach (D:2)
  3 goblins
  2 jackals (D:2)
  2 quokkas
  A rat (D:2)
18 creatures vanquished.

Grand Total: 39 creatures vanquished

Notes
Turn   | Place    | Note
-------+----------+-------------------------------------------
     0 | D:1      | browni3141 the Mummy Summoner began the quest for the Orb.
     0 | D:1      | Reached XP level 1. HP: 13/13 MP: 4/4
   212 | D:1      | Reached XP level 2. HP: 21/21 MP: 3/5
   265 | D:1      | Learned a level 2 spell: Call Imp
   373 | D:1      | Reached skill level 3 in Spellcasting
   811 | D:1      | Found a faded altar of an unknown god.
  1152 | D:2      | Gained mutation: You are in touch with the powers of death.
                  | [Mummy growth]
  1152 | D:2      | Reached XP level 3. HP: 6/26 MP: 7/7
  1388 | D:2      | Learned a level 3 spell: Call Canine Familiar
  1391 | D:2      | Learned a level 2 spell: Blink
  1562 | D:2      | Reached skill level 4 in Summonings
  2146 | D:3      | Slain by a gnoll

Illustrated notes

Levels and vault maps discovered:
D:1:      dpeg_arrival_pits, layout_basic,
          dreamdust_ecumenical_altar_drowned_temple, minmay_circled_x
D:2:      layout_basic, lightli_corner_chamber
D:3:      layout_rooms, lemuel_doored_altar, minmay_misc_feat_room, uniq_pargi

Skill      XL: |  1  2  3 |
---------------+----------+-----
Fighting       | 1 |  1.0
Spellcasting   | 3 |  3.5
Summonings     | 4 |  4.0
Dodging        | |  1.5
Stealth        | |  1.5
Translocations | |  0.5

Action                     || total
---------------------------++-------
  Melee: Short sword       ||   108
         Unarmed           ||     6
         Punch             ||     3
   Cast: Summon Small Mamm ||     7
         Call Imp          ||    16
   Stab: Distracted        ||     2
         Sleeping          ||     1
 Armour: Robe              ||    33
  Dodge: Dodged            ||    98
